 Dungeon Crawl Stone Soup version 0.30.1-11-g7821555f0a (webtiles) character file.

Game seed: 13714858109661545421

2965 Ijustatesigmund the Conjurer (level 9, -2/59 HPs)
             Began as an Octopode Conjurer on Jan 13, 2024.
             Was an Initiate of Vehumet.
             Slain by a troll (18 damage)
             ... on level 7 of the Dungeon.
             The game lasted 00:19:56 (11486 turns).

Ijustatesigmund the Conjurer (Octopode Conjurer)   Turns: 11486, Time: 00:19:57

Health: -2/59      AC:  1    Str: 13    XL:     9   Next: 82%
Magic:  15/18      EV: 13    Int: 27    God:    Vehumet [......]
Gold:   295        SH:  0    Dex:  8    Spells: 13/20 levels left

rFire   + . .        t - +3 dagger of Extremism {drain, rF+ rN+ Int+3 Dex-2}
rCold   . . .        (no shield)
rNeg    + + +        (helmet restricted)
rPois   .            x - amulet of the acrobat
rElec   .            e - ring of resist corrosion
rCorr   +            h - ring of positive energy
SInv    .            n - +6 ring of strength
Will    .....        u - ring of positive energy
Stlth   +++          (no ring)
HPRegen 0.29/turn    (no ring)
MPRegen 0.16/turn    (no ring)
                     (no ring)

%: acrobat
@: weakened, spiked
A: almost no armour, amphibious, 8 rings, camouflage 1, gelatinous body 1,
(nimble swimmer 1), tentacles
a: Renounce Religion


You were on level 7 of the Dungeon.
You worshipped Vehumet.
Vehumet was noncommittal.
You visited 2 branches of the dungeon, and saw 9 of its levels.

You collected 416 gold pieces.
You spent 121 gold pieces at shops.

Inventory:

Hand Weapons
 l - a +4 flail
 t - the +3 dagger of Extremism (weapon) {drain, rF+ rN+ Int+3 Dex-2}
   (You found it on level 3 of the Dungeon)

   Int:       It affects your intelligence (+3).
   Dex:       It affects your dexterity (-2).
   rF:        It protects you from fire.
   rN:        It protects you from negative energy.
Missiles
 v - 2 throwing nets
Jewellery
 e - a ring of resist corrosion (left tentacle)
 h - a ring of positive energy (right tentacle)
 n - a +6 ring of strength (on tentacle)
 u - a ring of positive energy (on tentacle)
 x - an amulet of the acrobat (around mantle)
 z - a +4 ring of protection
Wands
 D - a wand of flame (10)
Scrolls
 k - a scroll of magic mapping
 p - a scroll of poison
 A - a scroll of enchant weapon {unknown}
 B - a scroll of acquirement {unknown}
 C - a scroll of brand weapon {unknown}
Potions
 a - 2 potions of magic
 d - a potion of brilliance
 f - a potion of ambrosia
 j - 3 potions of lignification
 m - a potion of attraction
 o - 3 potions of might
 q - a potion of invisibility {unknown}
 r - a potion of mutation {unknown}
 s - 3 potions of heal wounds
 E - a potion of resistance {unknown}


   Skills:
 + Level 4.5 Fighting
 - Level 0.5 Maces & Flails
 - Level 2.0 Dodging
 - Level 2.6 Stealth
 + Level 6.4 Spellcasting
 + Level 7.8 Conjurations
 + Level 7.8 Translocations


You had 13 spell levels left.
You knew the following spells:

 Your Spells              Type           Power      Damage    Failure   Level
a - Magic Dart            Conj           100%       1d8       1%          1
b - Searing Ray           Conj           100%       2d8       1%          2
c - Iskenderun's Mystic   Conj/Tloc      50%        2d11      2%          4

Your spell library contained the following spells:

 Spells                   Type           Power      Damage    Failure   Level
 Passage of Golubria      Tloc           50%        N/A       2%          4
 Dazzling Flash           Conj/Hex       60%        N/A       3%          3
 Fulminant Prism          Conj/Hex       15%        3d11      12%         4
 Tukima's Dance           Hex            8%         N/A       19%         3
 Petrify                  Tmut/Erth      8%         N/A       52%         4
 Metabolic Englaciation   Hex/Ice        4%         N/A       86%         5
 Yara's Violent Unravell  Hex/Tmut       4%         3d4       86%         5
 Statue Form              Tmut/Erth      5%         N/A       100%        6


Dungeon Overview and Level Annotations

Branches:
Dungeon (8/15)             Temple (1/1) D:6
   Lair: D:8-11

Altars:
Ashenzari
Cheibriados
Dithmenos
Fedhas
Gozag
Hepliaklqana
Kikubaaqudgha
Makhleb
Nemelex Xobeh
Okawaru
Qazlal
Ru
Sif Muna
Uskayaw
Vehumet
Wu Jian
Xom
Yredelemnul
Zin
The Shining One

Shops:
D:4 !

Annotations:
D:3 2 transporters


Innate Abilities, Weirdness & Mutations

You cannot wear most types of armour.
You are amphibious.
You can wear up to eight rings at the same time.
Your skin changes colour to match your surroundings (Stealth+).
Your rubbery body absorbs attacks. (AC +1, EV +1)
((You are camouflaged when in or above water. (Stealth+)))
You have tentacles for arms and can constrict up to eight enemies at once.


Message History

The searing ray hits the orc wizard!
The orc wizard is severely wounded. (Press . to maintain the ray.)
The orc wizard casts a spell at you. The magic dart hits you.
The searing ray hits the orc wizard.
You kill the orc wizard!
Vehumet accepts your kill.
The manticore flicks its tail.
The volley of spikes hits you!!
The barbed spikes become lodged in your body.
Unknown command.
The barbs in your skin will harm you if you move.
Continue?
The manticore flicks its tail.
The volley of spikes hits you!
The barbed spikes become lodged in your body.
The orc shouts!
The barbed spikes dig painfully into your body as you move.
You climb upwards.
The white imp shouts!
The bullfrog gives a loud, deep croak!
The gnoll bouda shouts!
The troll shouts!
You hear an angry buzzing noise.
You hear an angry hiss.
A killer bee comes into view.
The bullfrog hits you!
* * * LOW HITPOINT WARNING * * *
The troll barely misses you. The troll claws you!
* * * LOW HITPOINT WARNING * * *
The troll claws you.
* * * LOW HITPOINT WARNING * * *
The gnoll bouda gazes fiercely through you!
You feel your attacks grow feeble. The gnoll bouda barely misses you.
The bullfrog hits you but does no damage.
The killer bee buzzes angrily.
Found a potion of brilliance and 31 gold pieces.
There is a stone staircase leading down, spattered with blood here.
You feel much better.
A scorpion comes into view.
The troll bites you!!
You die...

## .
####
###s
#..#
##..##
#..#
##≈.y≈##
#..#
#.$##5.#
#..#
#§gT⌠.≈#
#..#
#≈.@!.≈#
#..#
#§F##..#
###..#
##≈y.≈##
.....#
##..##
...###
####
...#
...#
...# ###
...# #.#


You could see a troll, a bullfrog, a gnoll bouda, a scorpion, 2 killer bees and
a white imp.

Vanquished Creatures
  A steam dragon (D:7)
  Grum (D:8)
  Eustachio (D:5)
  A water moccasin (D:8)
  An orc warrior (D:6)
  An ice beast (D:7)
  A sky beast (D:6)
  A black bear (D:6)
  2 wolves (D:8)
  3 ogres
  A centaur (D:7)
  A kobold brigand (D:7)
  2 bullfrogs
  6 scorpions
  A howler monkey (D:6)
  2 electric eels (D:6)
  3 hounds
  3 orc priests
  3 jellies
  An iguana (D:4)
  Ijyb (D:4)
  Terence (D:3)
  8 orc wizards
  A sleepcap (D:5)
  4 adders
  16 gnolls
  A white imp (D:6)
  2 ufetubi
  A worm (D:3)
  5 dart slugs
  17 orcs
  6 endoplasms
  3 giant cockroaches
  11 goblins
  10 hobgoblins
  4 quokkas
  9 ball pythons
  6 bats
  3 frilled lizards
  11 kobolds
  5 rats
161 creatures vanquished.

Vanquished Creatures (collateral kills)
  An electric eel (D:8)
1 creature vanquished.

Grand Total: 162 creatures vanquished

Notes
Turn   | Place    | Note
-------+----------+-------------------------------------------
     0 | D:1      | Ijustatesigmund the Octopode Conjurer began the quest for
                  | the Orb.
     0 | D:1      | Reached XP level 1. HP: 11/11 MP: 3/3
    88 | D:1      | Reached XP level 2. HP: 17/18 MP: 1/5
    91 | D:1      | Learned a level 2 spell: Searing Ray
   365 | D:1      | Reached skill level 1 in Fighting
   792 | D:1      | Reached XP level 3. HP: 23/23 MP: 1/6
  1481 | D:2      | Found a shadowy altar of Dithmenos.
  1794 | D:2      | Reached XP level 4. HP: 29/29 MP: 1/8
  1802 | D:2      | Learned a level 4 spell: Iskenderun's Mystic Blast
  2971 | D:3      | Reached skill level 1 in Translocations
  3314 | D:3      | Noticed a phantom
  3315 | D:3      | Found a hazy altar of Hepliaklqana.
  3316 | D:3      | Found a glowing golden altar of the Shining One.
  3316 | D:3      | Found a stormy altar of Qazlal.
  3320 | D:3      | Found a transporter.
  3390 | D:3      | Found a transporter.
  3394 | D:3      | Noticed a centaur
  3430 | D:3      | Identified the +3 dagger of Extremism {drain, rF+ rN+ Int+3
                  | Dex-2}
  3433 | D:3      | Found a faded altar of an unknown god.
  3486 | D:3      | Reached XP level 5. HP: 34/34 MP: 6/9
  3992 | D:3      | Noticed Terence
  3999 | D:3      | Killed Terence
  4000 | D:3      | Reached skill level 5 in Conjurations
  4456 | D:4      | Reached XP level 6. HP: 35/39 MP: 2/11
  4567 | D:4      | Found Pyolellu's Distillery.
  4573 | D:4      | Bought a potion of heal wounds for 55 gold pieces
  4573 | D:4      | Bought a potion of heal wounds for 55 gold pieces
  4573 | D:4      | Bought a potion of degeneration for 11 gold pieces
  4646 | D:4      | Noticed Ijyb
  4658 | D:4      | Killed Ijyb
  5244 | D:4      | Reached XP level 7. HP: 45/45 MP: 3/12
  5782 | D:5      | Entered Level 5 of the Dungeon
  5810 | D:5      | Noticed Eustachio
  5822 | D:5      | Killed Eustachio
  5823 | D:5      | Reached skill level 5 in Translocations
  5957 | D:5      | Found a shimmering blue altar of Sif Muna.
  6065 | D:5      | Reached XP level 8. HP: 36/50 MP: 9/14
  7517 | D:7      | Reached skill level 5 in Spellcasting
  8377 | D:6      | Found a shadowy altar of Dithmenos.
  8383 | D:6      | Reached XP level 9. HP: 55/55 MP: 12/17
  8519 | D:6      | Found a staircase to the Ecumenical Temple.
  8670 | Temple   | Entered the Ecumenical Temple
  8733 | Temple   | Became a worshipper of Vehumet
 10119 | D:7      | Found a burning altar of Makhleb.
 11144 | D:8      | Noticed Grum
 11160 | D:8      | Killed Grum
 11458 | D:8      | Noticed a manticore
 11485 | D:7      | Noticed a troll
 11485 | D:7      | HP: 1/59 [troll (3)]
 11486 | D:7      | Slain by a troll

Illustrated notes

Levels and vault maps discovered:
D:1:      dpeg_arrival_simpleton_a, layout_basic,
          amcnicky_mini_rare_corridor_liquid
D:2:      layout_basic, basic_altar, grunt_decor_resistance
D:3:      layout_loops_ring, gammafunk_temple_overflow_arena,
          hellmonk_ecumenical_altar_slurped_away, uniq_terence
D:4:      layout_loops_cross, serial_shops, nicolae_shop_industrial_runoff,
          uniq_ijyb
D:5:      layout_cave_pods, nicolae_sif_muna_condensation, uniq_eustachio
D:6:      layout_cave_pods, mainiacjoe_overflow_concentric_impassable,
          minmay_temple_entry_junction, grunt_decor_junction,
          hangedman_decor_lopped, serial_bayou_lake_a
D:7:      layout_basic, lemuel_tele_altar, nzn_random_ring
D:8:      layout_cave_pods, nicolae_kite_square_tiling_tiny,
          nicolae_shop_distant_corner_stores, kennysheep_island_fort, uniq_grum,
          uniq_erica
Temple:   nicolae_temple_ecumenical_triangle

Skill      XL: |  1  2  3  4  5  6  7  8  9 |
---------------+----------------------------+-----
Fighting       | 1 2 4 |  4.5
Translocations | 1 2 4 5 6 7 |  7.8
Spellcasting   | 3 4 5 6 |  6.4
Conjurations   | 5 6 7 |  7.8
Maces & Flails | |  0.5
Dodging        | |  2.0
Stealth        | |  2.6

Action                     |  1- 3 |  4- 6 |  7- 9 || total
---------------------------+-------+-------+-------++-------
  Melee: Unarmed           |     9 |       |       ||     9
         Tentacles         |     5 |     2 |     7 ||    14
         Constrict         |     2 |     4 |    11 ||    17
         Flail             |     1 |     3 |       ||     4
         Dagger            |       |    13 |    35 ||    48
         Punch             |       |       |     1 ||     1
   Cast: Magic Dart        |    59 |    70 |   118 ||   247
         Searing Ray       |     1 |    14 |    38 ||    53
         Iskenderun's Myst |       |       |    13 ||    13
  Evoke: Wand              |       |       |     3 ||     3
    Use: Scroll            |       |     3 |    13 ||    16
         Potion            |       |     1 |     5 ||     6
   Stab: Sleeping          |       |     1 |     2 ||     3
 Armour: Skin              |       |     4 |     7 ||    11
  Dodge: Dodged            |     6 |    21 |    80 ||   107
